Zazza, neutral female human Tourist --- ---- ------- ---- ----- |.+ |.. +..... |..| ...| |.| |. |....| |..| |...| |.----|-----....----|--+-----...| |...................))%...a.....| | |.-|-----+--.......--|----@--...| |...... ..|..| |......{|....|.@@|...| | |.|..| |.......|....|%@G|...| |.----+-----.......|.._.|!%%|...| |.............{....|...)|!%%|...| |.-------+-------.----------|.... |.-.%+!| |(((.-.+ |(((.-...| |.|.%!*| |(((.|.| |(((.|...| |.|.+%%| |(((.|.| |(((.|...| |.---------------.-----------...| |...............................| --------------------------------- Zazza the Excursionist Experience level: 6 Strength: 12 Dexterity: 14 Constitution: 14 Intelligence: 12 Wisdom: 9 Charisma: 16 Health: 0(47) Energy: 30(30) Def: 8 Gold: 0 Moves: 2418 Dungeon seed: JcFQtpWlHrOc9YQX Game ID: Zazza_1574677018 Your Inventory: Amulets y - an uncursed amulet versus poison (being worn) Weapons a - 8 +2 darts (in quiver) t - a rusty +0 orcish dagger A - 4 +0 shuriken P - 7 +0 daggers (wielded) Q - a cursed -1 dwarvish short sword R - a +0 sling X - 7 +0 arrows Z - a +0 bow Armor e - an uncursed +0 Hawaiian shirt (being worn) h - an uncursed +0 dwarvish mithril-coat (being worn) n - an uncursed +0 pair of speed boots (being worn) q - an uncursed -1 elven mithril-coat N - an uncursed +0 orcish helm (being worn) U - an uncursed +0 dwarvish cloak W - an uncursed +0 dwarvish iron helm Y - a cursed -1 mummy wrapping Comestibles b - 2 uncursed food rations c - 3 uncursed fortune cookies d - an uncursed melon f - an uncursed clove of garlic C - 5 uncursed tripe rations S - 2 uncursed lichen corpses V - 3 uncursed tins of newt meat Scrolls j - an uncursed scroll of magic mapping Potions r - an uncursed potion of gain energy Wands D - a wand of secret door detection (0:11) Tools k - an uncursed skeleton key m - an uncursed tin opener G - an expensive camera (0:97) L - 11 uncursed tallow candles (0:200) M - 7 cursed wax candles (0:400) O - an uncursed tin whistle T - an uncursed magic whistle Gems z - an uncursed aquamarine stone Spells and supernatural/magical abilities: Name Level Category Fail Memory W - pray for help -- divine ? -- Your skills at the end: Fighting Skills Weapon Skills dagger [Basic] dart [Skilled] Spellcasting Skills Final Attributes: You were piously aligned. You were poison resistant. You were very fast. You are dead. Vanquished creatures: 3 gnomish wizards a kobold mummy a giant ant 2 floating eyes a kitten 3 dwarves a homunculus 2 kobold lords an iguana a hobbit 2 hobgoblins a giant rat 2 green molds 12 gnomes 3 geckos 5 jackals a goblin 5 sewer rats 5 grid bugs 6 lichens 4 newts 62 creatures vanquished. Voluntary challenges: You used a wielded weapon 66 times, starting on turn 1483. You read items or engraved 9 times, starting on turn 78. You never genocided any monsters. You never polymorphed an object. You never changed form. You used no wishes. You never split a pudding. You wrote Elbereth's name 2 times, starting on turn 2387. You violated your moral code, losing 1 point of alignment, starting on turn 2416. Dungeon overview: The Dungeons of Doom: levels 1 to 4 Level 1 an altar to The Lady a long staircase Level 2 an armor shop, a fountain Level 3 a general store, a fountain Level 4 a delicatessen, an altar to The Lady, a fountain stairs to The Gnomish Mines The Gnomish Mines: levels 5 to 7 Level 5 stairs to The Dungeons of Doom Level 7 <- You were here many shops, a temple to Blind Io, some fountains History has recorded: On T:1 you entered the Dungeons of Doom to retrieve the Amulet of Yendor! On T:288 you reached level 2 of The Dungeons of Doom. On T:517 you advanced to experience level 2. On T:760 you reached level 3 of The Dungeons of Doom. On T:1065 you reached level 4 of The Dungeons of Doom. On T:1078 you advanced to experience level 3. On T:1699 you advanced to experience level 4. On T:1985 you reached level 1 of The Gnomish Mines. On T:2099 you advanced to experience level 5. On T:2204 you reached level 3 of The Gnomish Mines. On T:2396 you advanced to experience level 6. Score breakdown: Gold: 0 ( 0 points) Experience: 6 levels (12456 points) Exploration: 7 levels ( 14.00%) (10497 points) Discoveries: 11 items ( 3.69%) ( 5763 points) Valuables value: (no points given unless you survive) Artifact value: 0 ( 0 points) Variety of kills: 21 monsters ( 5.51%) ( 7043 points) Turncount: 2418 turns ( -281 points) Survival: died (score multiplied by 80%) Total score: 28382 Latest messages: The watch captain gets angry! The 2nd dart hits the watch captain! You see an angry guard approaching! The watchman wields a spear! As you read the scroll, it disappears. r - 2 uncursed purple-red potions. Magical energies course through your body. The gnome lord hits! The watch captain wields a silver saber! The watch captain swings her silver saber. The watch captain hits! You miss the watchman. The gnome lord hits! The watchman thrusts his spear. The watchman hits! The watch captain swings her silver saber. The watch captain hits! The watch captain swings her silver saber. The watch captain hits! You die... Pasawahan gratefully inherits all your possessions. Final status: Aloha Zazza the Tourist, killed by a watch captain... You died in The Gnomish Mines on dungeon level 7 with 28382 points, and 0 pieces of gold, after 2418 moves. You were level 6 with a maximum of 47 hit points when you died.